 Dungeon Crawl Stone Soup version 0.28.0 (webtiles) character file.

Game seed: 14613269014000957385

686 pkoi the Frost Mage (level 7, -1/50 HPs)
             Began as a Purple Draconian Ice Elementalist on Feb 16, 2022.
             Slain by a bullfrog skeleton (2 damage)
             ... on level 5 of the Dungeon.
             The game lasted 00:05:29 (4700 turns).

pkoi the Frost Mage (DrIE)                          Turns: 4700, Time: 00:05:30

Health: -1/50      AC: 10    Str: 10    XL:     7   Next: 35%
Magic:  10/11      EV: 12    Int: 18    God:
Gold:   112        SH:  0    Dex:  9    Spells: 4/11 levels left

rFire   + . .      SeeInvis .   c - +0 dagger
rCold   + . .      Faith    .   (no shield)
rNeg    . . .      Spirit   .   (armour unavailable)
rPois   +          Reflect  .   (helmet restricted)
rElec   +          Harm     .   (no cloak)
rCorr   +          Rampage  .   (no gloves)
Will    +....                   (no boots)
Stlth   ++........              r - amulet of magic regeneration
HPRegen 0.16/turn               q - ring of resist corrosion
MPRegen 0.52/turn               h - +4 ring of protection

@: resistant, freezing walls, hasted, invisible, very quick
A: breathe power, AC +6, unfitting armour, cold-blooded, clumsy 1, wild magic 1
a: Breathe Dispelling Energy


You were on level 5 of the Dungeon.
You visited 1 branch of the dungeon, and saw 5 of its levels.

You collected 112 gold pieces.

Inventory:

Hand Weapons
 c - a +0 dagger (weapon)
Missiles
 k - 57 arrows
Armour
 u - a +0 pair of boots
Jewellery
 h - a +4 ring of protection (right hand)
 q - a ring of resist corrosion (left hand)
 r - an amulet of magic regeneration (around neck)
Wands
 t - a wand of digging (6)
Scrolls
 a - 2 scrolls of immolation {unknown}
 e - a scroll of vulnerability {unknown}
 f - a scroll of fear {unknown}
 j - 3 scrolls of identify {unknown}
 l - a scroll of noise {unknown}
 n - 2 scrolls of teleportation {unknown}
 o - a scroll of enchant weapon {unknown}
 s - a scroll of summoning {unknown}
Potions
 b - a potion of haste
 d - 3 potions of mutation
 i - a potion of resistance
 m - 2 potions of lignification {unknown}
 p - a potion of degeneration {unknown}


   Skills:
 - Level 1.7 Dodging
 - Level 1.7 Stealth
 + Level 2.8 Spellcasting
 + Level 9.0 Ice Magic


You had 4 spell levels left.
You knew the following spells:

 Your Spells              Type           Power      Damage    Failure   Level
a - Freeze                Ice            100%       1d11      1%          1
b - Frozen Ramparts       Ice            90%        1d11      2%          3
c - Ozocubu's Armour      Ice            45%        N/A       2%          3

Your spell library contained the following spells:

 Spells                   Type           Power      Damage    Failure   Level
 Animate Skeleton         Necr           6%         N/A       24%         1
 Pain                     Necr           12%        1d4       24%         1
 Hailstorm                Conj/Ice       24%        3d7       34%         4
 Vampiric Draining        Necr           3%         2d6       54%         3


Dungeon Overview and Level Annotations

Branches:
Dungeon (5/15)
 Temple: D:4-7

Altars:
Fedhas
Gozag


Innate Abilities, Weirdness & Mutations

You can breathe bolts of dispelling energy.
Your rich purple scales are hard. (AC +6)
You cannot fit into any form of body armour.
You are cold-blooded and may be slowed by cold attacks.
You are clumsy. (Dex -2)
Your spells are a little harder to cast, but a little more powerful.


Message History

The bullfrog skeleton hits you but does no damage.
You hit the bullfrog skeleton.
The bullfrog skeleton is lightly damaged.
The wall freezes the orc priest.
The orc priest calls down the wrath of Beogh upon you.
Beogh smites you!
* * * LOW HITPOINT WARNING * * *
The bullfrog skeleton completely resists.
The wall freezes the bullfrog skeleton but does no damage.
The bullfrog skeleton hits you.
* * * LOW HITPOINT WARNING * * *
You hear a shout!
It was a potion of mutation.
You feel extremely strange.
You feel clumsy.
You feel less in control of your magic.
The bullfrog skeleton completely resists.
The wall freezes the bullfrog skeleton but does no damage.
The bullfrog skeleton barely misses you.
The wall freezes the orc priest.
It was a potion of haste.
You feel yourself speed up.
The bullfrog skeleton resists.
The wall freezes the bullfrog skeleton.
The bullfrog skeleton barely misses you.
The wall freezes the orc priest.
The orc priest mumbles some strange prayers to Beogh against you.
Beogh smites you!
* * * LOW HITPOINT WARNING * * *
The bullfrog skeleton resists.
The wall freezes the bullfrog skeleton.
The bullfrog skeleton hits you but does no damage.
It was a potion of invisibility.
You fade into invisibility!
An orc wizard comes into view. It is wielding a +0 trident.
The wall freezes the orc priest!
You kill the orc priest!
The bullfrog skeleton resists.
The wall freezes the bullfrog skeleton.
Your Ice Magic skill increases to level 9!
It was a potion of resistance.
You feel protected.
The bullfrog skeleton completely resists.
The wall freezes the bullfrog skeleton but does no damage.
The bullfrog skeleton hits you.
You die... #.. .## #Zo

..# ###..
#..###..) #....$
.. #.o)### ..
##.).@#### #..
#....Z...####
#..#
#..###......####
..# #.##
####......###..##
#..
#####......###
#.# ####..###. #.
##..#.. .. #..#..
#.# ##....


You could see an orc wizard and a bullfrog skeleton.

Vanquished Creatures
  A yak (D:3)
  Sigmund (D:3)
  A gnoll shaman (D:4)
  A hound (D:5)
  A jelly (D:4)
  An orc priest (D:5)
  Terence (D:2)
  An iguana (D:4)
  Natasha (thrice) (D:3)
  Robin (D:3)
  2 gnolls (D:4)
  3 adders (D:2)
  2 adder skeletons (D:4)
  A dart slug (D:1)
  2 orcs
  2 ball pythons (D:2)
  5 bats
  5 endoplasms
  3 giant cockroaches
  13 goblins
  8 hobgoblins
  3 jackals (D:2)
  4 quokkas
  3 frilled lizards
  7 kobolds
  3 rats
78 creatures vanquished.

Notes
Turn   | Place    | Note
-------+----------+-------------------------------------------
     0 | D:1      | pkoi the Draconian Ice Elementalist began the quest for the
                  | Orb.
     0 | D:1      | Reached XP level 1. HP: 14/14 MP: 3/3
   375 | D:1      | Reached XP level 2. HP: 20/20 MP: 5/5
  1308 | D:1      | Found a faded altar of an unknown god.
  1372 | D:2      | Reached skill level 5 in Ice Magic
  1417 | D:2      | Reached XP level 3. HP: 24/26 MP: 6/6
  1421 | D:2      | Learned a level 3 spell: Frozen Ramparts
  1679 | D:2      | Reached XP level 4. HP: 23/33 MP: 7/7
  2244 | D:3      | Noticed Terence
  2262 | D:2      | Killed Terence
  2395 | D:3      | Reached skill level 6 in Ice Magic
  2482 | D:3      | Noticed Robin
  2492 | D:3      | Killed Robin
  2722 | D:3      | Noticed Sigmund
  2738 | D:3      | Killed Sigmund
  2739 | D:3      | Reached skill level 7 in Ice Magic
  2739 | D:3      | Reached XP level 5. HP: 12/38 MP: 0/8
  2739 | D:3      | Reached XP level 6. HP: 14/45 MP: 0/9
  2990 | D:3      | Noticed Natasha
  2999 | D:3      | Killed Natasha
  3081 | D:3      | Found a blossoming altar of Fedhas.
  3279 | D:3      | Noticed Natasha
  3286 | D:3      | Killed Natasha
  3445 | D:3      | Noticed Natasha
  3453 | D:3      | Killed Natasha
  3885 | D:4      | Reached skill level 8 in Ice Magic
  4137 | D:4      | Noticed a yak
  4141 | D:4      | Noticed a yak
  4141 | D:4      | Noticed a yak
  4144 | D:4      | Noticed a yak
  4169 | D:3      | Killed a yak
  4170 | D:3      | Your scales start taking on a rich purple colour.
  4170 | D:3      | Reached XP level 7. HP: 24/50 MP: 4/10
  4335 | D:3      | Learned a level 3 spell: Ozocubu's Armour
  4530 | D:4      | You fall into a shaft and drop 1 floor!
  4530 | D:5      | Entered Level 5 of the Dungeon
  4583 | D:5      | Found an opulent altar of Gozag.
  4697 | D:5      | Gained mutation: You are clumsy. (Dex -2) [potion of
                  | mutation]
  4697 | D:5      | Gained mutation: Your spells are a little harder to cast,
                  | but a little more powerful. [potion of mutation]
  4698 | D:5      | HP: 1/50 [orc priest/divine providence (11)]
  4700 | D:5      | Reached skill level 9 in Ice Magic
  4700 | D:5      | Slain by a bullfrog skeleton

Illustrated notes

Levels and vault maps discovered:
D:1:      minmay_arrival_cross, layout_loops_ring,
          shapermc_ecumenical_altar_mp_vishouse, st_stairs_1,
          hangedman_decor_growths, minmay_tripent
D:2:      layout_basic, fountainhead
D:3:      layout_basic, fedhas_altar_fruit_tree, uniq_natasha, uniq_robin,
          uniq_sigmund, uniq_terence
D:4:      layout_layer_cave, kennysheep_little_box, serial_shops,
          nicolae_shop_crystal, st_stairs_14, kennysheep_pointless_box,
          minmay_misc_feat_five
D:5:      layout_cave_pods, nicolae_gozag_seed_capital

Skill      XL: |  1  2  3  4  5  6  7 |
---------------+----------------------+-----
Ice Magic      | 5 7 8 9 |  9.0
Dodging        | |  1.7
Stealth        | |  1.7
Spellcasting   | |  2.8

Action                   |  1- 3 |  4- 6 |  7- 9 || total
-------------------------+-------+-------+-------++-------
Melee: Dagger            |    57 |    65 |    28 ||   150
       Unarmed           |     3 |       |       ||     3
       Tailslap          |     5 |    10 |     3 ||    18
       Punch             |     1 |       |       ||     1
 Cast: Freeze            |    26 |    26 |     3 ||    55
       Frozen Ramparts   |     1 |     9 |     1 ||    11
  Use: Potion            |       |       |     4 ||     4
 Stab: Sleeping          |     2 |       |       ||     2
Armor: Skin              |    29 |    15 |    14 ||    58
Dodge: Dodged            |    62 |    47 |    21 ||   130
